General information
- name: BNet
- type: Ladder team game (AT/RT)
- host: Battle.net
- saver: CRASH-TRILOGY
map: Deadlands
- players: 8
- length: 82:45
- speed: Fast
- version: 1.28 W3XP
- replay type: Public
» download(585 KB)
Players
team 1 (winner)

»
open.game1 (
pink | 82 APM | 2397 actions | 29:16)
6 Warden
3 Fan of Knives
2 Blink
1 Spirit of Vengeance
6 Pandaren Brewmaster
3 Breath of Fire
2 Drunken Haze
1 Storm Earth and Fire
» actions
| Assign group hotkey | 23 | |
| Basic commands | 43 | |
| Build / train | 80 | |
| ESC pressed | 1 | |
| Enter build submenu | 12 | |
| Enter hero's abilities submenu | 13 | |
| Give item / drop item | 5 | |
| Right click | 1002 | |
| Select / deselect | 331 | |
| Select group hotkey | 670 | |
| Use ability | 217 | |
2397 total
» units
| Wisp | 13 | |
| Huntress | 4 | |
| Dryad | 9 | |
| Druid of the Claw | 8 | |
| Faerie Dragon | 1 | |
| Goblin Shredder | 1 | |
36 total
» upgrades
| Strength of the Wild | 3 | |
| Reinforced Hides | 3 | |
| Druid of the Claw Training | 2 | |
| Abolish Magic | 1 | |
| Mark of the Claw | 1 | |
10 total
» buildings
| Altar of Elders | 1 | |
| Moon Well | 4 | |
| Hunter's Hall | 1 | |
| Ancient of War | 1 | |
| Ancient of Wonders | 1 | |
| Tree of Ages | 1 | |
| Ancient of Lore | 2 | |
| Tree of Eternity | 1 | |
| Ancient of Wind | 1 | |
| Tree of Life | 1 | |
14 total
» build order
00:15 Altar of Elders
00:18 Moon Well
01:52 Hunter's Hall
01:55 Ancient of War
02:07 Moon Well
02:33 Moon Well
02:43 Ancient of Wonders
03:32 Tree of Ages
05:30 Moon Well
06:12 Ancient of Lore
06:33 Ancient of Lore
07:03 Tree of Eternity
15:10 Ancient of Wind
17:40 Tree of Life
» items
| Lesser Clarity Potion | 3 | |
| Staff of Preservation | 1 | |
| Boots of Speed | 1 | |
| Scroll of Town Portal | 3 | |
| Orb of Venom | 1 | |
| Anti-magic Potion | 1 | |
| Periapt of Vitality | 1 | |
| Potion of Mana | 3 | |
| Potion of Healing | 2 | |
16 total

»
snakeplisken (
red | 40 APM | 1049 actions | 25:55)
6 Paladin
1 Divine Shield
1 Holy Light
3 Devotion Aura
1 Resurrection
» actions
| Assign group hotkey | 13 | |
| Basic commands | 57 | |
| Build / train | 81 | |
| Enter build submenu | 37 | |
| Enter hero's abilities submenu | 6 | |
| Give item / drop item | 2 | |
| Right click | 372 | |
| Select / deselect | 311 | |
| Select group hotkey | 99 | |
| Use ability | 71 | |
1049 total
» units
| Peasant | 16 | |
| Footman | 10 | |
| Flying Machine | 9 | |
| Siege Engine | 4 | |
| Knight | 2 | |
| Mortar Team | 2 | |
43 total
» upgrades
| Defend | 1 | |
| Masonry | 3 | |
| Lumber Harvesting | 2 | |
| Gunpowder | 3 | |
| Flak Cannons | 1 | |
| Animal War Training | 1 | |
| Magic Sentry | 1 | |
| Plating | 1 | |
13 total
» buildings
| Altar of Kings | 1 | |
| Barracks | 2 | |
| Farm | 14 | |
| Arcane Vault | 1 | |
| Scout Tower | 7 | |
| Lumber Mill | 2 | |
| Town Hall | 1 | |
| Keep | 1 | |
| Guard Tower | 5 | |
| Arcane Tower | 1 | |
| Castle | 1 | |
| Blacksmith | 1 | |
| Arcane Sanctum | 1 | |
| Workshop | 4 | |
42 total
» build order
00:25 Altar of Kings
00:38 Barracks
00:53 Farm
01:08 Farm
01:51 Farm
02:03 Barracks
02:24 Farm
02:45 Farm
03:54 Arcane Vault
04:24 Scout Tower
04:28 Scout Tower
04:41 Lumber Mill
06:00 Town Hall
06:11 Keep
06:13 Farm
06:15 Farm
06:19 Guard Tower
06:33 Scout Tower
06:40 Scout Tower
06:41 Scout Tower
07:06 Guard Tower
07:12 Guard Tower
07:16 Scout Tower
07:44 Arcane Tower
08:03 Scout Tower
08:34 Castle
08:36 Guard Tower
08:52 Blacksmith
09:57 Guard Tower
10:03 Arcane Sanctum
11:25 Workshop
11:29 Workshop
11:33 Workshop
12:02 Farm
12:05 Farm
13:56 Workshop
14:39 Lumber Mill
15:06 Farm
15:44 Farm
17:00 Farm
17:02 Farm
17:04 Farm
» items
| Scroll of Regeneration | 1 | |
| Ivory Tower | 3 | |
| Scroll of Town Portal | 3 | |
| Potion of Healing | 1 | |
| Orb of Fire | 1 | |
9 total
Peach_overalls (
blue | 53 APM | 1785 actions | 33:39)
7 Death Knight
3 Unholy Aura
3 Death Coil
1 Animate Dead
» actions
| Assign group hotkey | 64 | |
| Basic commands | 179 | |
| Build / train | 74 | |
| Enter build submenu | 31 | |
| Enter hero's abilities submenu | 7 | |
| Remove unit from queue | 5 | |
| Right click | 526 | |
| Select / deselect | 329 | |
| Select group hotkey | 520 | |
| Use ability | 49 | |
1785 total
» units
| Acolyte | 11 | |
| Crypt Fiend | 9 | |
| Ghoul | 4 | |
| Goblin Shredder | 2 | |
| Draenei Disciple | 1 | |
| Gargoyle | 3 | |
| Frost Wyrm | 7 | |
37 total
» upgrades
| Web | 1 | |
| Creature Attack | 3 | |
| Creature Carapace | 3 | |
| Freezing Breath | 1 | |
| Ghoul Frenzy | 1 | |
9 total
» buildings
| Graveyard | 1 | |
| Altar of Darkness | 1 | |
| Crypt | 1 | |
| Ziggurat | 19 | |
| Tomb of Relics | 2 | |
| Spirit Tower | 7 | |
| Nerubian Tower | 6 | |
| Halls of the Dead | 1 | |
| Sacrificial Pit | 1 | |
| Black Citadel | 1 | |
| Necropolis | 2 | |
| Boneyard | 2 | |
44 total
» build order
00:09 Graveyard
00:28 Altar of Darkness
00:42 Crypt
01:22 Ziggurat
01:25 Ziggurat
02:29 Tomb of Relics
04:23 Spirit Tower
04:29 Nerubian Tower
07:07 Ziggurat
08:26 Halls of the Dead
11:40 Sacrificial Pit
11:44 Ziggurat
11:55 Ziggurat
11:57 Ziggurat
12:03 Ziggurat
12:46 Ziggurat
12:49 Spirit Tower
14:20 Nerubian Tower
14:21 Nerubian Tower
14:25 Ziggurat
14:28 Ziggurat
14:33 Black Citadel
15:04 Necropolis
15:10 Ziggurat
16:02 Spirit Tower
16:08 Ziggurat
16:09 Ziggurat
16:44 Necropolis
16:51 Ziggurat
17:11 Boneyard
17:13 Boneyard
17:19 Nerubian Tower
17:20 Spirit Tower
17:43 Tomb of Relics
18:12 Nerubian Tower
18:13 Spirit Tower
18:15 Nerubian Tower
18:53 Ziggurat
19:37 Ziggurat
19:44 Ziggurat
19:46 Spirit Tower
24:52 Spirit Tower
26:57 Ziggurat
26:59 Ziggurat
27:56 Spirit Tower
CRASH-TRILOGY (
yellow | 55 APM | 4581 actions | 82:45)
8 Blademaster
3 Wind Walk
3 Critical Strike
1 Bladestorm
1 Mirror Image
5 Shadow Hunter
2 Hex
2 Healing Wave
1 Big Bad Voodoo
» actions
| Assign group hotkey | 80 | |
| Basic commands | 117 | |
| Build / train | 110 | |
| Enter build submenu | 48 | |
| Enter hero's abilities submenu | 13 | |
| Give item / drop item | 8 | |
| Remove unit from queue | 1 | |
| Right click | 1917 | |
| Select / deselect | 576 | |
| Select group hotkey | 1357 | |
| Use ability | 353 | |
4581 total
» units
| Peon | 14 | |
| Grunt | 2 | |
| Goblin Shredder | 2 | |
| Wind Rider | 7 | |
| Troll Batrider | 4 | |
| Goblin Sapper | 6 | |
| Raider | 5 | |
| Demolisher | 2 | |
42 total
» upgrades
| Ranged Weapons | 2 | |
| Reinforced Defenses | 1 | |
| Liquid Fire | 1 | |
| Ensnare | 1 | |
| Armor | 2 | |
| Pillage | 1 | |
| Melee Weapons | 2 | |
| Envenomed Spears | 1 | |
| Burning Oil | 1 | |
12 total
» buildings
| Altar of Storms | 1 | |
| Orc Burrow | 7 | |
| Barracks | 1 | |
| War Mill | 1 | |
| Stronghold | 3 | |
| Great Hall | 1 | |
| Watch Tower | 40 | |
| Voodoo Lounge | 1 | |
| Fortress | 2 | |
| Beastiary | 4 | |
| Town Hall | 1 | |
| Scout Tower | 28 | |
| Arcane Tower | 9 | |
| Moon Well | 4 | |
103 total
» build order
00:07 Altar of Storms
00:17 Orc Burrow
00:37 Barracks
01:22 Orc Burrow
02:36 War Mill
03:02 Stronghold
03:02 Stronghold
03:42 Great Hall
05:05 Watch Tower
05:05 Watch Tower
05:06 Watch Tower
05:27 Orc Burrow
05:31 Watch Tower
06:09 Voodoo Lounge
06:28 Fortress
06:28 Fortress
06:40 Watch Tower
06:50 Beastiary
07:11 Beastiary
07:45 Orc Burrow
07:55 Watch Tower
07:56 Watch Tower
08:12 Watch Tower
08:53 Watch Tower
10:00 Beastiary
11:06 Watch Tower
11:17 Watch Tower
11:34 Orc Burrow
11:39 Watch Tower
12:39 Watch Tower
12:39 Watch Tower
13:31 Orc Burrow
13:50 Watch Tower
13:51 Watch Tower
14:32 Orc Burrow
16:31 Watch Tower
18:10 Watch Tower
18:10 Watch Tower
18:10 Watch Tower
18:11 Watch Tower
18:12 Watch Tower
18:36 Beastiary
19:31 Watch Tower
19:58 Watch Tower
20:00 Watch Tower
20:00 Watch Tower
20:01 Watch Tower
20:05 Watch Tower
22:12 Watch Tower
22:14 Watch Tower
22:15 Watch Tower
23:36 Watch Tower
24:16 Watch Tower
24:39 Watch Tower
24:39 Watch Tower
24:40 Watch Tower
24:42 Watch Tower
24:42 Watch Tower
24:42 Watch Tower
25:22 Watch Tower
31:45 Town Hall
31:54 Scout Tower
31:54 Scout Tower
31:54 Scout Tower
31:55 Scout Tower
31:55 Scout Tower
31:55 Scout Tower
31:56 Scout Tower
31:56 Scout Tower
31:57 Scout Tower
34:17 Arcane Tower
34:17 Arcane Tower
34:21 Scout Tower
34:21 Scout Tower
34:22 Scout Tower
34:22 Scout Tower
34:22 Scout Tower
34:23 Scout Tower
34:24 Scout Tower
34:24 Scout Tower
34:24 Scout Tower
34:25 Scout Tower
34:50 Arcane Tower
35:48 Arcane Tower
35:48 Arcane Tower
35:52 Scout Tower
35:53 Scout Tower
35:53 Scout Tower
35:54 Scout Tower
35:54 Scout Tower
35:55 Scout Tower
35:56 Scout Tower
35:56 Scout Tower
35:56 Scout Tower
36:33 Arcane Tower
36:33 Arcane Tower
36:51 Arcane Tower
36:51 Arcane Tower
38:00 Moon Well
38:02 Moon Well
38:03 Moon Well
38:05 Moon Well
39:37 Stronghold
» items
| Staff of Teleportation | 2 | |
| Orb of Lightning | 2 | |
| Healing Salve | 6 | |
| Tiny Great Hall | 1 | |
| Lesser Clarity Potion | 2 | |
| Scroll of Town Portal | 2 | |
| Potion of Healing | 1 | |
| Potion of Mana | 3 | |
| Boots of Speed | 1 | |
20 total
team 2 (loser)
REEEEEEEEEEEEE (
orange | 24 APM | 1947 actions | 82:41)
8 Mountain King
3 Thunder Clap
3 Bash
1 Avatar
1 Storm Bolt
» actions
| Assign group hotkey | 28 | |
| Basic commands | 292 | |
| Build / train | 159 | |
| Enter build submenu | 46 | |
| Enter hero's abilities submenu | 9 | |
| Give item / drop item | 7 | |
| Remove unit from queue | 1 | |
| Right click | 440 | |
| Select / deselect | 595 | |
| Select group hotkey | 204 | |
| Use ability | 166 | |
1947 total
» units
| Peasant | 24 | |
| Rifleman | 19 | |
| Draenei Disciple | 1 | |
| Spell Breaker | 6 | |
| Siege Engine | 9 | |
| Mortar Team | 2 | |
| Priest | 4 | |
| Flying Machine | 3 | |
68 total
» upgrades
| Gunpowder | 3 | |
| Armor | 3 | |
| Long Rifles | 1 | |
| Masonry | 3 | |
| Lumber Harvesting | 2 | |
| Magic Sentry | 1 | |
| Sorceress Training | 1 | |
| Priest Training | 2 | |
| Control Magic | 1 | |
| Animal War Training | 1 | |
| Barrage | 1 | |
| Fragmentation Shards | 1 | |
| Swords | 1 | |
| Plating | 1 | |
| Flying Machine Bombs | 1 | |
23 total
» buildings
| Blacksmith | 1 | |
| Altar of Kings | 1 | |
| Farm | 12 | |
| Barracks | 1 | |
| Scout Tower | 25 | |
| Arcane Vault | 2 | |
| Arcane Tower | 7 | |
| Town Hall | 2 | |
| Lumber Mill | 2 | |
| Guard Tower | 12 | |
| Keep | 1 | |
| Castle | 1 | |
| Arcane Sanctum | 2 | |
| Workshop | 2 | |
| Cannon Tower | 3 | |
74 total
» build order
00:49 Blacksmith
00:59 Altar of Kings
01:04 Farm
01:14 Barracks
01:34 Farm
01:43 Farm
02:13 Farm
02:17 Scout Tower
02:22 Farm
02:26 Arcane Vault
02:42 Farm
03:15 Arcane Tower
04:39 Scout Tower
04:57 Scout Tower
04:59 Scout Tower
05:05 Town Hall
05:20 Arcane Tower
05:28 Lumber Mill
05:39 Arcane Tower
05:44 Scout Tower
05:50 Farm
06:09 Guard Tower
06:19 Guard Tower
06:26 Farm
06:31 Farm
06:57 Scout Tower
07:46 Keep
08:01 Scout Tower
08:02 Guard Tower
08:17 Farm
09:49 Arcane Vault
09:50 Guard Tower
11:29 Farm
11:55 Scout Tower
12:00 Castle
12:21 Arcane Sanctum
12:23 Arcane Sanctum
12:26 Arcane Tower
12:26 Arcane Tower
13:05 Scout Tower
13:06 Scout Tower
13:07 Scout Tower
13:08 Scout Tower
13:08 Scout Tower
13:10 Scout Tower
13:10 Scout Tower
13:47 Scout Tower
13:49 Farm
14:19 Scout Tower
14:20 Guard Tower
14:25 Guard Tower
14:25 Guard Tower
14:25 Guard Tower
15:18 Guard Tower
16:40 Scout Tower
16:41 Scout Tower
18:17 Workshop
18:18 Workshop
18:19 Arcane Tower
18:20 Arcane Tower
19:51 Scout Tower
19:53 Scout Tower
20:38 Scout Tower
20:44 Scout Tower
20:44 Scout Tower
21:12 Lumber Mill
21:34 Guard Tower
21:34 Guard Tower
21:34 Guard Tower
22:15 Cannon Tower
24:43 Cannon Tower
25:27 Scout Tower
26:10 Cannon Tower
66:04 Town Hall
» items
| Scroll of Regeneration | 4 | |
| Lesser Clarity Potion | 5 | |
| Scroll of Town Portal | 5 | |
| Healing Salve | 4 | |
| Potion of Mana | 1 | |
| Potion of Healing | 3 | |
| Orb of Fire | 1 | |
| Tome of Retraining | 1 | |
| Staff of Teleportation | 1 | |
25 total
olympicman (
green | 25 APM | 2031 actions | 82:41)
9 Beastmaster
3 Summon Bear
3 Summon Quilbeast
1 Stampede
2 Summon Hawk
» actions
| Assign group hotkey | 25 | |
| Build / train | 90 | |
| Enter build submenu | 60 | |
| Enter hero's abilities submenu | 9 | |
| Give item / drop item | 4 | |
| Right click | 780 | |
| Select / deselect | 496 | |
| Select group hotkey | 338 | |
| Use ability | 229 | |
2031 total
» units
| Peon | 25 | |
| Grunt | 5 | |
| Goblin Shredder | 1 | |
| Wind Rider | 16 | |
| Troll Batrider | 9 | |
56 total
» upgrades
| Pillage | 1 | |
| Spiked Barricades | 1 | |
| Armor | 3 | |
| Ranged Weapons | 3 | |
| Reinforced Defenses | 1 | |
| Envenomed Spears | 1 | |
| Liquid Fire | 1 | |
11 total
» buildings
| Orc Burrow | 8 | |
| Altar of Storms | 2 | |
| Barracks | 1 | |
| Voodoo Lounge | 2 | |
| War Mill | 2 | |
| Great Hall | 4 | |
| Watch Tower | 35 | |
| Stronghold | 1 | |
| Fortress | 1 | |
| Beastiary | 5 | |
61 total
» build order
00:08 Orc Burrow
00:14 Altar of Storms
00:32 Barracks
01:50 Orc Burrow
02:00 Voodoo Lounge
03:03 Orc Burrow
03:43 War Mill
05:53 Great Hall
05:57 Watch Tower
06:00 Watch Tower
06:04 Watch Tower
06:08 Watch Tower
07:07 Watch Tower
07:10 Watch Tower
07:16 Watch Tower
07:21 Watch Tower
08:28 Watch Tower
09:09 Orc Burrow
09:13 Orc Burrow
09:28 Stronghold
09:39 Watch Tower
09:56 Watch Tower
10:05 Watch Tower
10:12 Watch Tower
10:35 War Mill
11:30 Watch Tower
11:33 Watch Tower
11:37 Watch Tower
11:39 Voodoo Lounge
11:50 Fortress
13:03 Watch Tower
13:07 Watch Tower
13:12 Watch Tower
13:45 Beastiary
13:49 Beastiary
13:55 Beastiary
14:13 Watch Tower
14:35 Watch Tower
14:39 Watch Tower
14:44 Watch Tower
14:55 Orc Burrow
15:13 Orc Burrow
15:15 Orc Burrow
19:30 Watch Tower
19:41 Watch Tower
19:46 Watch Tower
19:51 Watch Tower
19:56 Watch Tower
19:59 Watch Tower
20:59 Watch Tower
21:01 Watch Tower
21:04 Watch Tower
21:13 Watch Tower
21:16 Watch Tower
25:24 Great Hall
25:57 Beastiary
26:01 Beastiary
30:12 Great Hall
34:17 Watch Tower
41:26 Altar of Storms
45:47 Great Hall
» items
| Healing Salve | 2 | |
| Orb of Lightning | 1 | |
| Scroll of Town Portal | 3 | |
| Potion of Healing | 3 | |
| Potion of Mana | 2 | |
11 total

»
JBGarrison72 (
purple | 20 APM | 1674 actions | 82:41)
6 Blademaster
2 Wind Walk
3 Critical Strike
1 Bladestorm
2 Shadow Hunter
1 Healing Wave
1 Hex
» actions
| Basic commands | 153 | |
| Build / train | 59 | |
| Enter build submenu | 48 | |
| Enter hero's abilities submenu | 8 | |
| Right click | 820 | |
| Select / deselect | 468 | |
| Use ability | 118 | |
1674 total
» units
| Peon | 11 | |
| Kodo Beast | 1 | |
| Goblin Shredder | 1 | |
| Tauren | 8 | |
21 total
» upgrades
| Armor | 3 | |
| Melee Weapons | 3 | |
| Pulverize | 1 | |
| Pillage | 1 | |
8 total
» buildings
| Orc Burrow | 7 | |
| Altar of Storms | 1 | |
| Voodoo Lounge | 4 | |
| War Mill | 2 | |
| Barracks | 1 | |
| Watch Tower | 14 | |
| Stronghold | 1 | |
| Fortress | 1 | |
| Beastiary | 1 | |
| Tauren Totem | 1 | |
| Great Hall | 7 | |
40 total
» build order
00:07 Orc Burrow
00:16 Altar of Storms
01:04 Voodoo Lounge
01:13 War Mill
01:53 Barracks
02:22 Orc Burrow
03:07 Watch Tower
04:26 Stronghold
04:55 Orc Burrow
05:01 Orc Burrow
07:14 Orc Burrow
07:40 Orc Burrow
07:43 Fortress
07:56 Beastiary
08:39 Orc Burrow
10:49 Tauren Totem
11:04 Great Hall
12:34 Voodoo Lounge
14:38 Watch Tower
14:40 Watch Tower
14:45 Watch Tower
14:57 Great Hall
15:02 Watch Tower
15:05 Watch Tower
16:00 Watch Tower
16:13 Watch Tower
16:18 Watch Tower
16:26 Great Hall
16:35 Great Hall
17:02 Great Hall
17:28 Voodoo Lounge
17:38 Watch Tower
17:59 Great Hall
18:02 Watch Tower
19:09 Watch Tower
20:36 Voodoo Lounge
23:10 War Mill
23:17 Watch Tower
24:33 Watch Tower
25:52 Great Hall
» items
| Healing Salve | 3 | |
| Lesser Clarity Potion | 3 | |
| Potion of Healing | 4 | |
| Scroll of Speed | 3 | |
| Boots of Speed | 1 | |
| Orb of Lightning | 2 | |
| Orb of Fire | 1 | |
| Scroll of Regeneration | 1 | |
18 total
Hoggle (
teal | 58 APM | 4768 actions | 82:41)
10 Archmage
3 Summon Water Elemental
3 Brilliance Aura
1 Mass Teleport
3 Blizzard
» actions
| Assign group hotkey | 215 | |
| Basic commands | 348 | |
| Build / train | 129 | |
| Enter build submenu | 81 | |
| Enter hero's abilities submenu | 10 | |
| Give item / drop item | 11 | |
| Remove unit from queue | 6 | |
| Right click | 1746 | |
| Select / deselect | 726 | |
| Select group hotkey | 1191 | |
| Use ability | 305 | |
4768 total
» units
| Peasant | 18 | |
| Footman | 4 | |
| Goblin Shredder | 3 | |
| Gryphon Rider | 10 | |
| Siege Engine | 1 | |
| Dragonhawk Rider | 3 | |
| Mortar Team | 3 | |
42 total
» upgrades
| Masonry | 3 | |
| Swords | 3 | |
| Armor | 3 | |
| Animal War Training | 1 | |
| Storm Hammers | 1 | |
| Cloud | 1 | |
| Gunpowder | 3 | |
| Plating | 3 | |
| Barrage | 1 | |
| Fragmentation Shards | 1 | |
| Flare | 1 | |
21 total
» buildings
| Altar of Kings | 1 | |
| Barracks | 1 | |
| Farm | 13 | |
| Scout Tower | 76 | |
| Lumber Mill | 1 | |
| Arcane Vault | 4 | |
| Arcane Tower | 1 | |
| Keep | 1 | |
| Town Hall | 7 | |
| Guard Tower | 18 | |
| Castle | 1 | |
| Gryphon Aviary | 4 | |
| Blacksmith | 2 | |
| Workshop | 4 | |
134 total
» build order
00:35 Altar of Kings
00:36 Barracks
00:49 Farm
00:50 Farm
01:04 Farm
01:06 Farm
02:42 Scout Tower
03:07 Lumber Mill
03:14 Arcane Vault
03:18 Arcane Tower
04:19 Keep
04:26 Town Hall
04:34 Scout Tower
04:35 Scout Tower
04:37 Scout Tower
04:37 Scout Tower
05:12 Guard Tower
05:21 Arcane Vault
07:21 Castle
07:42 Scout Tower
07:43 Scout Tower
07:45 Scout Tower
07:49 Scout Tower
07:51 Scout Tower
08:02 Gryphon Aviary
08:03 Gryphon Aviary
08:06 Gryphon Aviary
08:09 Gryphon Aviary
08:12 Blacksmith
08:51 Blacksmith
08:56 Farm
09:37 Guard Tower
09:38 Guard Tower
11:28 Guard Tower
15:19 Farm
15:19 Farm
15:20 Farm
15:21 Farm
15:22 Farm
15:23 Farm
15:23 Farm
15:24 Farm
17:00 Workshop
17:00 Workshop
17:01 Workshop
17:02 Workshop
20:34 Scout Tower
20:34 Scout Tower
20:35 Scout Tower
20:36 Scout Tower
20:38 Scout Tower
20:39 Scout Tower
20:40 Scout Tower
20:40 Scout Tower
20:41 Scout Tower
20:41 Scout Tower
20:43 Scout Tower
20:43 Scout Tower
20:44 Scout Tower
20:46 Scout Tower
20:46 Scout Tower
20:47 Scout Tower
20:47 Scout Tower
22:53 Guard Tower
25:22 Guard Tower
26:02 Town Hall
26:06 Scout Tower
26:06 Scout Tower
26:07 Scout Tower
26:07 Scout Tower
26:16 Scout Tower
26:18 Scout Tower
26:18 Scout Tower
26:19 Scout Tower
26:19 Scout Tower
26:21 Arcane Vault
26:22 Scout Tower
26:22 Scout Tower
26:23 Scout Tower
26:47 Town Hall
26:51 Scout Tower
26:51 Scout Tower
26:52 Scout Tower
26:52 Scout Tower
26:53 Scout Tower
26:53 Scout Tower
26:53 Scout Tower
26:53 Scout Tower
26:55 Arcane Vault
26:55 Scout Tower
26:56 Scout Tower
26:56 Scout Tower
27:06 Scout Tower
27:07 Scout Tower
27:07 Scout Tower
27:13 Guard Tower
27:49 Guard Tower
28:11 Guard Tower
28:33 Guard Tower
28:50 Guard Tower
29:42 Scout Tower
29:42 Scout Tower
29:45 Scout Tower
29:47 Scout Tower
29:49 Scout Tower
30:09 Scout Tower
30:10 Scout Tower
30:10 Scout Tower
30:10 Scout Tower
30:11 Scout Tower
30:11 Scout Tower
30:12 Scout Tower
30:12 Scout Tower
30:12 Scout Tower
30:14 Scout Tower
30:14 Scout Tower
30:14 Scout Tower
30:16 Scout Tower
30:16 Scout Tower
30:29 Guard Tower
31:10 Guard Tower
33:41 Guard Tower
33:52 Guard Tower
34:54 Guard Tower
37:25 Guard Tower
43:32 Town Hall
43:35 Scout Tower
43:35 Scout Tower
43:36 Scout Tower
43:37 Scout Tower
44:30 Guard Tower
67:27 Town Hall
67:31 Town Hall
70:52 Town Hall
» items
| Healing Salve | 2 | |
| Lesser Clarity Potion | 1 | |
| Mechanical Critter | 7 | |
| Scroll of Town Portal | 8 | |
| Potion of Lesser Invulnerability | 1 | |
| Periapt of Vitality | 1 | |
| Staff of Sanctuary | 1 | |
| Scroll of Regeneration | 4 | |
| Staff of Teleportation | 2 | |
27 total
Chat log
(00:44 / Allies) open.game1: hero yellow?
(00:53 / Allies) CRASH-TRILOGY: bm wyvern bat
(00:57 / Allies) open.game1: harass?
(01:06 / Allies) CRASH-TRILOGY: meh. can u help me expo quick?
(01:10 / Allies) open.game1: k
(01:18 / Allies) CRASH-TRILOGY: ill have 2 grunts with us
(01:23 / Allies) open.game1: ill have hero
(01:30 / Allies) open.game1: hunt/bear
(01:37 / Allies) open.game1: where you expoing?
(01:40 / Allies) open.game1: ?
(01:45 / Allies) open.game1: k
(03:19 / Allies) CRASH-TRILOGY: go
(03:39 / Allies) CRASH-TRILOGY: would appreciate some ne towers but not big deal
(03:54 / Allies) open.game1: orc better
(04:04 / Allies) open.game1: i can give wood
(04:08 / Allies) CRASH-TRILOGY: thx
(04:22 / Allies) CRASH-TRILOGY: gonna buy shredder
(04:34 / Allies) CRASH-TRILOGY: stay here gonna tower it
(08:31 / Allies) open.game1: hgeal and hit
(08:37 / Allies) Peach_overalls: wood plz
(08:49 / Allies) Peach_overalls: ty
(08:51 / Allies) open.game1: np
(09:08 / Allies) CRASH-TRILOGY: wood also
(09:14 / Allies) CRASH-TRILOGY: lets hit green expo
(09:21 / Allies) CRASH-TRILOGY: creep firs ti mean
(09:21 / Allies) open.game1: lets go
(09:45 / Allies) open.game1: take
(09:45 / Allies) CRASH-TRILOGY: who want
(09:46 / Allies) open.game1: claws
(09:46 / Allies) CRASH-TRILOGY: scroll
(09:46 / Allies) open.game1: bm
(10:02 / Allies) open.game1: lets go
(10:38 / Allies) open.game1: no
(10:39 / Allies) open.game1: lol
(10:46 / Allies) open.game1: blue!
(11:45 / Allies) open.game1: blue just leeroy jenkins that shit
(12:22 / Allies) open.game1: gold blue
(12:30 / Allies) open.game1: or red
(12:31 / Allies) open.game1: shit
(12:33 / Allies) open.game1: yall got alot
(12:49 / Allies) snakeplisken: fucking help for once
(13:05 / Allies) snakeplisken: k we lost
(13:08 / Allies) CRASH-TRILOGY: no no
(13:09 / Allies) CRASH-TRILOGY: it sone player
(13:10 / Allies) open.game1: wait
(13:12 / Allies) snakeplisken: lol
(13:15 / All) Hoggle: snake plissken but I heard you were dead
(14:18 / Allies) open.game1: not that way
(14:19 / Allies) open.game1: lol
(15:22 / Allies) snakeplisken: lumber
(15:55 / Allies) open.game1: b
(17:07 / Allies) CRASH-TRILOGY: no copters man
(17:10 / Allies) CRASH-TRILOGY: i have bats
(17:17 / Allies) snakeplisken: i have no teammates
(17:18 / Allies) CRASH-TRILOGY: im gonna get 2nd expo
(17:19 / Allies) open.game1: lol
(17:53 / Allies) snakeplisken: here it is
(19:43 / Allies) open.game1: i have ot get mana
(19:46 / Allies) open.game1: dont say no teammates
(19:48 / All) CRASH-TRILOGY: odd game
(19:49 / Allies) open.game1: ill be right back red
(19:56 / Allies) open.game1: wonderful
(20:13 / Allies) snakeplisken: wow i have to do everything
(20:16 / Allies) open.game1: lol
(20:18 / Allies) CRASH-TRILOGY: hit green
(20:47 / All) CRASH-TRILOGY: go away i have towers here
(20:57 / Allies) open.game1: who u talking to
(21:00 / Allies) CRASH-TRILOGY: hit green
(21:01 / Allies) CRASH-TRILOGY: them
(21:04 / Allies) open.game1: dont go that way
(21:10 / Allies) CRASH-TRILOGY: stop dude
(21:11 / Allies) CRASH-TRILOGY: jesus
(21:17 / Allies) snakeplisken: just go
(21:22 / Allies) open.game1: why
(21:23 / Allies) open.game1: lol
(21:26 / Allies) CRASH-TRILOGY: i was here first
(21:30 / Allies) open.game1: u have to kill your units on yourself
(21:33 / Allies) open.game1: by yourself
(21:38 / Allies) snakeplisken: why do you play if you just wanna suck?
(22:27 / Allies) snakeplisken: need tp now
(22:30 / Allies) open.game1: chrsit
(22:54 / Allies) snakeplisken: every game is 3v1
(22:56 / Allies) open.game1: red
(22:57 / Allies) open.game1: stfu
(22:59 / Allies) open.game1: look at points
(23:00 / Allies) open.game1: end of game
(23:01 / Allies) open.game1: learn game
(23:02 / Allies) open.game1: then say that
(23:07 / Allies) open.game1: jesus christ
(24:13 / Allies) open.game1: most confusing
(24:15 / Allies) open.game1: teammates ever
(24:26 / Allies) snakeplisken: why do you play?
(24:33 / Allies) snakeplisken: if you wont learn to play why play?
(24:39 / Allies) open.game1: check points
(24:47 / Allies) open.game1: check stats at end
(24:48 / Allies) snakeplisken: points means nothing
(24:55 / Allies) snakeplisken: pls leave rt4 bracket
(24:56 / Allies) open.game1: u run tanks into towers
(25:11 / Allies) CRASH-TRILOGY: leav eit
(25:12 / Allies) CRASH-TRILOGY: leave
(25:37 / Allies) open.game1: then i have yellow
(25:39 / Allies) open.game1: taking my mine
(25:40 / Allies) CRASH-TRILOGY: make ur bear
(25:42 / Allies) CRASH-TRILOGY: give me rejuv
(26:18 / All) JBGarrison72: Hacker
(26:33 / All) JBGarrison72: Yellow hack
(26:37 / All) CRASH-TRILOGY: who
(26:44 / Allies) open.game1: yellow
(26:45 / All) JBGarrison72: one of you took control my bm
(26:45 / Allies) open.game1: what the fuck
(26:47 / Allies) open.game1: are u doing
(26:51 / Allies) open.game1: 8k gold
(26:57 / Allies) open.game1: units doing nothing
(27:05 / Allies) open.game1: and u take my mine
(27:09 / Allies) open.game1: to gain more gold
(27:11 / Allies) open.game1: are you a bank?
(27:19 / Allies) open.game1: is it gaining interest?
(27:19 / All) JBGarrison72: Hoggle, you the hacker on my team even?
(27:38 / All) JBGarrison72: probably since you level 1
(27:46 / All) open.game1: his
(27:50 / All) open.game1: this is the wierdest game ever
(27:53 / All) open.game1: watch replay
(28:05 / All) open.game1: after i built tree yellow took the mine
(28:10 / All) CRASH-TRILOGY: i was there first
(28:12 / All) open.game1: he has literally 9k gold
(28:14 / All) CRASH-TRILOGY: i told u i was taking it
(28:15 / All) JBGarrison72: here's what's going on... you got some goddamn clowns all on team speak
(28:15 / All) open.game1: watch replay
(28:23 / Allies) open.game1: watch repaly
(28:30 / All) CRASH-TRILOGY: i bought tiny hall
(28:32 / All) CRASH-TRILOGY: so that made it mine
(28:32 / All) JBGarrison72: end the fuckin game already
(28:32 / All) open.game1: close to 10k gold
(28:40 / All) open.game1: oh dont worry
(28:42 / All) open.game1: its done
(28:43 / All) open.game1: then
(28:46 / All) CRASH-TRILOGY: buying tiny hall= makes it my mine
(28:50 / Allies) open.game1: lol
(28:54 / All) JBGarrison72: Stfu yellow
(28:56 / All) open.game1: i hate saying these words
(29:01 / All) open.game1: but noobs
(29:05 / All) open.game1: i dont get it
(29:07 / All) open.game1: Gg
(29:13 / All) open.game1: wp with 1000 towers
(29:21 / All) REEEEEEEEEEEEE: Thanks
(30:06 / All) REEEEEEEEEEEEE: u know you can move a tree right
(30:14 / All) CRASH-TRILOGY: lawl
(39:44 / All) CRASH-TRILOGY: u guys out of gold?
(43:32 / All) CRASH-TRILOGY: yawn this too easy
(43:41 / All) CRASH-TRILOGY: beat 3 players that last battle
(45:54 / All) CRASH-TRILOGY: whoops
(46:51 / All) REEEEEEEEEEEEE: wtf are you staffing non allies somehow
(47:03 / All) REEEEEEEEEEEEE: fkn cheater
(48:00 / All) CRASH-TRILOGY: how u guys like my maphack
(48:03 / All) CRASH-TRILOGY: only payed 50 big ones for it
(48:11 / All) JBGarrison72: Hoggle is the troll that's working with you
(48:26 / All) CRASH-TRILOGY: i got myself a tp staff hack
(48:36 / All) CRASH-TRILOGY: can alter your units using my 101 scripts
(49:02 / All) CRASH-TRILOGY: noob
(49:02 / All) CRASH-TRILOGY: out
(49:14 / All) JBGarrison72: fuck you hacker
(49:16 / All) CRASH-TRILOGY: wtflawl
(49:59 / All) CRASH-TRILOGY: how u guys like my hack skillz
(50:15 / All) JBGarrison72: i think you have no life
(50:16 / All) CRASH-TRILOGY: teal 28k but can't share or spend it
(50:29 / All) JBGarrison72: and no one is impressed by scripting app you downloaded
(50:46 / All) CRASH-TRILOGY: its called mad skillz
(50:52 / All) JBGarrison72: Hoggle, because you're in cahoots with him
(51:01 / All) JBGarrison72: end the goddamn game, either turn stag, or don't
(51:06 / All) CRASH-TRILOGY: gonna rape ur damn nubs
(51:50 / All) JBGarrison72: notice teal didn't attack any of yellows units
(51:55 / All) JBGarrison72: because this faggot is running both
(52:01 / All) CRASH-TRILOGY: lol
(52:17 / All) JBGarrison72: You're fucking hillarious dumbass
(53:40 / All) JBGarrison72: at the very end, hoggle will tk entire team, watch
(53:50 / All) JBGarrison72: it's fucking yellow's other account
(54:08 / All) JBGarrison72: look how teal not even attacking yellow units
(54:26 / All) JBGarrison72: fake ass
(54:37 / All) JBGarrison72: you do this a lot shit for brains?
(54:47 / All) JBGarrison72: look at that fake ass play
(54:50 / All) JBGarrison72: teal, gtfo
(54:54 / All) CRASH-TRILOGY: lol
(55:17 / All) JBGarrison72: teal you are his buddy
(55:20 / All) JBGarrison72: clearly
(55:30 / All) JBGarrison72: i watched
(55:35 / All) JBGarrison72: you two dumb shits are on team speak
(55:53 / All) JBGarrison72: bull shit... your fake
(56:00 / All) JBGarrison72: this all fake
(56:04 / All) CRASH-TRILOGY: called a beast
(56:11 / All) CRASH-TRILOGY: u guys mad im a beast
(56:23 / All) JBGarrison72: watch, teal now tk's whole team you watch
(57:22 / All) JBGarrison72: fake
(58:57 / All) CRASH-TRILOGY: nubs
(59:01 / All) CRASH-TRILOGY: nubs
(59:03 / All) CRASH-TRILOGY: me 1v4
(59:17 / All) JBGarrison72: Told you faggot
(59:19 / All) Hoggle: purple is a conspiracy theorist
(59:21 / All) JBGarrison72: teal is your buddy
(59:23 / All) Hoggle: we got fucking Alex Jones over here
(59:25 / All) JBGarrison72: fucking waste peoples time
(59:29 / All) Hoggle: they're growing humanoids in jars!
(59:33 / All) JBGarrison72: I know what's fucking going on shit bag
(59:49 / All) JBGarrison72: here's the kicker, you're a NOBODY
(59:49 / All) CRASH-TRILOGY: i feel proud of this VICTORY
(59:53 / All) Hoggle: you insulted my for the last time
(59:56 / All) Hoggle: I won't take this abuse any longer
(60:16 / All) JBGarrison72: thing is...
(60:19 / All) JBGarrison72: you're a NOBODY
(60:29 / All) JBGarrison72: Because you pull this shit, but your anonymous
(60:42 / All) JBGarrison72: so basically, you have nothing to show for any of it
(60:48 / All) JBGarrison72: "for the lulz" is all you'll get
(60:50 / All) Hoggle: I won't take these insults any longer
(60:57 / All) JBGarrison72: Fuck you smurf ass account
(60:58 / All) Hoggle: I would rather lose than win for you, you fucking jerk
(61:10 / All) JBGarrison72: Why don't you tell us who you really are faggots
(61:12 / All) CRASH-TRILOGY: teal was definitely ur best player
(61:30 / All) CRASH-TRILOGY: purple you have to admit, this is a bad loss for ur team
(61:35 / All) CRASH-TRILOGY: you guys had this 99% won
(61:48 / All) REEEEEEEEEEEEE:
(61:50 / All) CRASH-TRILOGY: sometimes, the ball just doesn't bounce ur way
(61:55 / All) JBGarrison72: I have to admit your own shit bag friend is teal
(62:11 / All) CRASH-TRILOGY: u have no proof we are comrades
(62:11 / All) JBGarrison72: sometimes your an anonymous piece of shit
(62:14 / All) CRASH-TRILOGY: nothing shady happened here
(62:16 / All) Hoggle: purple running his mouth but will be bottom of the scorecard
(62:18 / All) Hoggle: noob
(62:22 / All) JBGarrison72: I ain't stupid... it was obvious
(62:52 / All) CRASH-TRILOGY: when was it obvious? at what point in the game?
(62:53 / All) CRASH-TRILOGY: never
(62:56 / All) JBGarrison72: I hope you have some fucktard friends on 4chan are whatever fucking shitty armpit on the interwebz you spend time at
(63:03 / All) JBGarrison72: who enjoy this fucking waste of time
(63:33 / All) JBGarrison72: Is that what you do, save replays like this for shit anonymous geeks?
(63:53 / All) CRASH-TRILOGY: purple you still dont have proof
(63:57 / All) Hoggle: purple is Alex Jones, conspiracy theorist and bottom of the scorecard
(64:10 / All) CRASH-TRILOGY: at what point in the game did you think it
(64:24 / All) JBGarrison72: i had a suspicion right when i saw hoggle level 1
(64:34 / All) JBGarrison72: and then all towers
(64:38 / All) CRASH-TRILOGY: and when did your suspicion get confirmed
(64:40 / All) Hoggle: then how did you end up on the bottom fo the scorecard?
(65:14 / All) JBGarrison72: when i saw teal fighting and not winning when he had advantage
(65:18 / All) Hoggle: maybe yellow is just betteR? he did 1v4 afterall
(65:27 / All) JBGarrison72: nope, you're his buddy
(65:30 / All) JBGarrison72: you guys on discord
(66:02 / All) JBGarrison72: I'm also fucking psychic about this kinda' shit... I know when I'm getting burned... you also know who i am and have trolled me
(66:05 / All) JBGarrison72: before
(66:21 / All) CRASH-TRILOGY: on wat account, if this WERE true
(66:25 / All) Hoggle: Now I declare that's too bad!
(66:29 / All) JBGarrison72: You keep a list of people
(66:30 / All) REEEEEEEEEEEEE: This game is FAKE NEWS
(66:32 / All) Hoggle: You've been listening at doors -- and behind trees -- and sown chimneys -- or you couldn't have known it!
(66:41 / All) JBGarrison72: no, just on WC3
(66:57 / All) JBGarrison72: I been burned and fucked with enough times, I have a goddamn 6th sense for you assholes now
(67:06 / All) JBGarrison72: but each of you has your own style
(67:10 / All) JBGarrison72: and i recognize yours
(67:13 / All) Hoggle: I am the only one here that keeps a beef list
(67:25 / All) CRASH-TRILOGY: i truly am innocent
(67:32 / All) JBGarrison72: bullshit
(67:38 / All) JBGarrison72: you fuckers will save this replay
(67:49 / All) JBGarrison72: and upload it to whatever fag group gets off on this shit
(68:11 / All) Hoggle: What did these mysterious men say to you in previous games, purple?
(68:18 / All) JBGarrison72: I think green was in on it too
(68:24 / All) JBGarrison72: I can't confirm
(68:26 / All) JBGarrison72: Yet
(68:29 / All) JBGarrison72: but i think so
(68:31 / All) CRASH-TRILOGY: lawl
(69:00 / All) JBGarrison72: I got all night
(69:03 / All) CRASH-TRILOGY: u certainly do have an imagination
(69:42 / All) JBGarrison72: you guys in discord or team speak?
(70:00 / All) Hoggle: Did these mysterious men speak of Satanic rituals and pedophilic groups that lead our world governments?
(70:14 / All) CRASH-TRILOGY: are u guys excited for season 7 of game of thrones
(70:15 / All) CRASH-TRILOGY: HYPE
(70:21 / All) JBGarrison72: zzzZZZzzz
(70:33 / All) Hoggle: Are they from the Alpha Draconis star system and shapeshift from tehir reptilian form?
(71:09 / All) CRASH-TRILOGY: surprised none of u left
(71:20 / All) JBGarrison72: Because I'm the only one that's not in on this
(71:20 / All) CRASH-TRILOGY: i sitll have 10k gold
(71:25 / All) REEEEEEEEEEEEE: Im not a leaver
(71:50 / All) CRASH-TRILOGY: if you guys be loyal and dedicated teammates, im sure teal will give you a chance at victory
(72:05 / All) REEEEEEEEEEEEE: meh whatevers
(72:06 / All) Hoggle: LEt's make some predictions on the socres
(72:09 / All) CRASH-TRILOGY: not that i would know, he is but a stranger to me
(72:11 / All) Hoggle: I predict purple will be dead last
(72:37 / All) JBGarrison72: I predict you'll pay dearly for every minute you stole
(73:01 / All) JBGarrison72: and i have a lot of them for you to pilfer
(73:28 / All) JBGarrison72: What I'm suprised about is that you actually have friends who cooperate with you
(73:56 / All) JBGarrison72: alt-tabbing now.... got stuff to do
(74:12 / All) Hoggle: How come you won't speak about these mysterious men and what they told you?
(74:15 / All) JBGarrison72: I'm sure you will just have another window of this game open
(74:17 / All) Hoggle: Did they drug you?
(74:53 / All) JBGarrison72: If I ever find out who you are... AND it's convenient....
(75:07 / All) REEEEEEEEEEEEE: Too late for allied victory?
(75:16 / All) JBGarrison72: OJ in on it
(75:18 / All) Hoggle: Are you going to send a man to kill me?
(75:57 / All) CRASH-TRILOGY: he accusing oj and green wtf . and you teal
(76:04 / All) CRASH-TRILOGY: this guy is full of conspiracies
(76:07 / All) Hoggle: He must be off the meds
(77:21 / All) Hoggle: If purple leaves I'll try to win for my team
(77:30 / All) Hoggle: are you going to be a team player, purple?
(78:01 / All) REEEEEEEEEEEEE: Yeah go Teal your the best mang
(79:21 / All) Hoggle: uh oh
(79:28 / All) Hoggle: He's looking now!
(79:32 / All) Hoggle: That's trouble for us guys
(79:43 / All) CRASH-TRILOGY: looking for peasants
(79:50 / All) CRASH-TRILOGY: in case the spy oj dc's
(79:52 / All) REEEEEEEEEEEEE: There arent any left
(80:07 / All) CRASH-TRILOGY: ur the enemy oj, of course purp says ur a spy
(80:17 / All) REEEEEEEEEEEEE: all teal has to do is cancel is in progress halls and its gg
(80:40 / All) REEEEEEEEEEEEE: One in green's OE base
(80:45 / All) REEEEEEEEEEEEE: One by the top shop
(80:48 / All) CRASH-TRILOGY: purp is def here
(80:56 / All) Hoggle: Damn orange you done gone and fucked it up for everbody
(81:08 / All) REEEEEEEEEEEEE: Sorry dude you just didn't have the skills
(81:15 / All) REEEEEEEEEEEEE: Practice more?
(81:17 / All) Hoggle: <---- top of the scorecard
(81:37 / All) CRASH-TRILOGY: thx oj
(81:39 / All) CRASH-TRILOGY: where is next one
(81:47 / All) REEEEEEEEEEEEE: MAGA
(81:51 / All) CRASH-TRILOGY: maga?
(81:58 / All) REEEEEEEEEEEEE: Make AMerica Great Again
(82:21 / All) CRASH-TRILOGY: hax